[Event "Titled Tuesday Blitz February 28 Early 2023"]
[White "Eynullayev, Atilla"]
[Black "Nugumanov, Bakhtiyar"]
[WhiteFideId "13413570"]
[BlackFideId "13701797"]
[WhiteElo "2181"]
[BlackElo "2209"]
[Result "0-1"]
[Round "06"]
[TimeControl "180+2"]
[Date "2023.02.28"]
[WhiteClock "0:00:08"]
[BlackClock "0:00:14"]

1. d4 Nf6 2. c4 e5 3. dxe5 Ng4 4. Nf3 Bc5 5. e3 Nc6 6. Nc3 Ngxe5 7. Nxe5 Nxe5 8. Bd2 d6 9. Na4 Bb6 10. Nxb6 axb6 11. f4 Bg4 12. Qc2 Nc6 13. Bd3 Qe7 14. O-O h5 15. h3 Bd7 16. b3 O-O-O 17. a4 g5 18. a5 bxa5 19. Bxa5 Qxe3+ 20. Kh2 gxf4 21. Bd2 Qg3+ 22. Kh1 Rhg8 23. Bxf4 Qg7 24. Ra8+ Nb8 25. Be4 Rde8 26. Bf3 Qd4 27. Bh2 Rg5 28. Rfa1 Bf5 29. Qa2 Kd7 30. Qa4+ Nc6 31. Rxe8 Kxe8 32. Re1+ Kf8 33. Qa8+ Kg7 34. Qxb7 Ne5 35. Bxe5+ dxe5 36. Bd5 Qf2 37. Rg1 Bxh3 38. Qxc7 Bg4 39. Qe7 Qh4# 0-1


[Site "https://www.chess.com"]

[Event "Titled Tuesday Blitz February 28 Early 2023"]
[White "Burke, John F"]
[Black "Lagno, Kateryna"]
[WhiteFideId "2052970"]
[BlackFideId "14109336"]
[WhiteElo "2239"]
[BlackElo "2508"]
[Result "0-1"]
[Round "06"]
[TimeControl "180+2"]
[Date "2023.02.28"]
[WhiteClock "0:00:20"]
[BlackClock "0:01:13"]

1. d4 Nf6 2. c4 g6 3. Nc3 d5 4. Nf3 Bg7 5. Bf4 O-O 6. Rc1 dxc4 7. e4 c5 8. d5 b5 9. Nxb5 Qa5+ 10. Nc3 Nxe4 11. Be5 Nxc3 12. Bxc3 Bxc3+ 13. Rxc3 Qxa2 14. Qd2 Qb1+ 15. Qc1 Qe4+ 16. Re3 Qxd5 17. Bxc4 Qd6 18. O-O Nc6 19. Rd1 Nd4 20. Ng5 Bb7 21. Rh3 h5 22. Qb1 Rad8 23. Re1 Qf4 24. Rxh5 Nf5 25. Nh3 Qxc4 26. Rxf5 gxf5 27. Qxf5 Rd6 28. Ng5 Rg6 0-1


[Site "https://www.chess.com"]

[Event "Titled Tuesday Blitz February 28 Early 2023"]
[White "Peng, Li Min"]
[Black "Yayloyan, Konstantin"]
[WhiteFideId "14112620"]
[BlackFideId "13307088"]
[WhiteElo "2436"]
[BlackElo "2190"]
[Result "1/2-1/2"]
[Round "06"]
[TimeControl "180+2"]
[Date "2023.02.28"]
[WhiteClock "0:00:11"]
[BlackClock "0:00:23"]

1. e4 c5 2. Nc3 Nc6 3. f4 g6 4. Nf3 Bg7 5. Bc4 e6 6. d3 Nge7 7. O-O d5 8. Bb3 Nd4 9. Nxd4 cxd4 10. Ne2 O-O 11. Qe1 b5 12. e5 Nc6 13. a4 b4 14. a5 Nxa5 15. Qxb4 Nxb3 16. Qxb3 f6 17. Nxd4 fxe5 18. Nc6 Qc7 19. Nxe5 Bxe5 20. fxe5 Rxf1+ 21. Kxf1 Qxe5 22. Qc3 Qxc3 23. bxc3 Bd7 24. Ra5 a6 25. Ke2 Kf7 26. Bf4 Kf6 27. Bd6 Bc6 28. Rc5 Rc8 29. Ke3 Bd7 30. Kd4 Rxc5 31. Kxc5 Ba4 32. Kb6 Bxc2 33. Kxa6 Bxd3+ 34. Kb6 e5 35. Kc5 Ke6 36. Bb8 Bf1 37. g3 Be2 38. Bc7 h5 39. Bb8 Bc4 40. Bc7 Kf5 41. h4 Ke4 42. Bb8 Bf1 43. Bc7 d4 44. cxd4 exd4 45. Kb4 Kf3 46. Be5 d3 47. Kc3 Ke2 48. Bf4 Bh3 49. Bg5 Bf5 50. Bf4 Kf3 51. Kd2 Kf2 52. Bg5 Kxg3 53. Bd8 Kf3 54. Bg5 Ke4 55. Bd8 Bg4 56. Bg5 Be2 57. Bd8 Kf5 58. Bg5 Kg4 59. Bd8 Kf3 60. Bg5 Kf2 61. Bd8 Kg3 62. Bg5 Kg4 63. Bd8 Bf1 1/2-1/2


[Site "https://www.chess.com"]

[Event "Titled Tuesday Blitz February 28 Early 2023"]
[White "Wagh Suyog"]
[Black "Shuvalov, Evgenij"]
[WhiteFideId "25071688"]
[BlackFideId "4187237"]
[WhiteElo "2288"]
[BlackElo "2080"]
[Result "0-1"]
[Round "06"]
[TimeControl "180+2"]
[Date "2023.02.28"]
[WhiteClock "0:01:32"]
[BlackClock "0:00:55"]

1. e4 e6 2. d4 d5 3. Bd3 c5 4. exd5 exd5 5. Nf3 c4 6. Be2 Nc6 7. O-O Nf6 8. b3 cxb3 9. axb3 Be7 10. c4 O-O 11. Nc3 Bf5 12. c5 a6 13. Na4 Qc7 14. g3 Rae8 15. Bf4 Qd8 16. Ne5 Nxe5 17. Bxe5 Nd7 18. Bf4 Nb8 19. Bf3 Nc6 20. Nb6 Be4 21. Bxe4 dxe4 22. d5 Bxc5 23. dxc6 Qxb6 24. cxb7 Qxb7 25. Qc2 Rc8 26. Ra4 e3 27. h4 exf2+ 28. Kh2 Bb6 29. Qe2 a5 30. Re4 h6 31. h5 Qd5 32. Re5 Qxb3 33. Qg4 Rc6 34. Re7 Qd3 35. Re4 Qxf1 0-1


[Site "https://www.chess.com"]

[Event "Titled Tuesday Blitz February 28 Early 2023"]
[White "Balint, Vilmos"]
[Black "Iskusnyh, Sergei"]
[WhiteFideId "718050"]
[BlackFideId "4120027"]
[WhiteElo "2034"]
[BlackElo "2492"]
[Result "0-1"]
[Round "06"]
[TimeControl "180+2"]
[Date "2023.02.28"]
[WhiteClock "0:01:00"]
[BlackClock "0:00:05"]

1. d4 d5 2. Nc3 Nf6 3. Bf4 c5 4. Nb5 Qa5+ 5. Nc3 cxd4 6. Qxd4 Nc6 7. Qa4 Qxa4 8. Nxa4 e5 9. Bd2 Ne4 10. Nf3 Be6 11. e3 Be7 12. a3 O-O 13. Nc3 Nxd2 14. Nxd2 d4 15. Nb5 Rac8 16. exd4 exd4 17. a4 a6 18. Na3 Rfe8 19. Bd3 Bb4 20. Kd1 Ne5 21. Re1 Ng4 22. Re2 Bd5 23. f3 Ne3+ 24. Kc1 g6 25. Ne4 Kg7 26. c3 f5 27. Ng3 dxc3 28. Rxe3 Rxe3 29. Bxf5 cxb2+ 30. Kxb2 Bc3+ 31. Kc2 Bxa1+ 32. Bxc8 Rxa3 33. Bd7 Ra2+ 34. Kb1 Bf6 35. Ne4 Rxg2 36. Nd6 b6 37. Bc8 a5 38. Ba6 Bxf3 39. Bc4 Be5 40. Nc8 Kh6 41. Kc1 Bf4+ 42. Kb1 Be4+ 43. Ka1 Be5# 0-1


[Site "https://www.chess.com"]

[Event "Titled Tuesday Blitz February 28 Early 2023"]
[White "Zhukova, Natalia"]
[Black "Comas Fabrego, Lluis"]
[WhiteFideId "14101513"]
[BlackFideId "2200325"]
[WhiteElo "2297"]
[BlackElo "2523"]
[Result "0-1"]
[Round "06"]
[TimeControl "180+2"]
[Date "2023.02.28"]
[WhiteClock "0:00:01"]
[BlackClock "0:00:06"]

1. c4 e6 2. Nc3 d5 3. d4 Bb4 4. a3 Bxc3+ 5. bxc3 Nf6 6. e3 O-O 7. cxd5 Nxd5 8. Qc2 c5 9. Bd3 h6 10. Nf3 Nc6 11. O-O b6 12. c4 Nf6 13. Bb2 Ba6 14. Rfd1 cxd4 15. exd4 Rc8 16. Qe2 Na5 17. Rac1 Qd6 18. Ne5 Rfd8 19. Qe3 Qe7 20. h3 Rc7 21. Rc2 Rdc8 22. Qe2 Nd5 23. Qe4 Nf6 24. Qe2 Qe8 25. Rdc1 Nb3 26. Rd1 Na5 27. Rdc1 Qa4 28. d5 exd5 29. Ng4 Ne4 30. Bxe4 dxe4 31. Qxe4 Rxc4 32. Nxh6+ Kf8 33. Qf5 Qe8 34. Rxc4 Rxc4 0-1


[Site "https://www.chess.com"]

[Event "Titled Tuesday Blitz February 28 Early 2023"]
[White "Skvortsov, Andrei"]
[Black "Miszler, Levente"]
[WhiteFideId "24108600"]
[BlackFideId "763276"]
[WhiteElo "2259"]
[BlackElo "2176"]
[Result "1-0"]
[Round "06"]
[TimeControl "180+2"]
[Date "2023.02.28"]
[WhiteClock "0:00:07"]
[BlackClock "0:00:05"]

1. d4 Nf6 2. c4 e6 3. Nd2 c5 4. Ngf3 Nc6 5. e3 d5 6. cxd5 Nxd5 7. Bb5 Qb6 8. a4 cxd4 9. Nxd4 Bd7 10. O-O Rd8 11. Nc4 Qc7 12. Bxc6 Bxc6 13. Nxc6 Qxc6 14. Qb3 Bc5 15. Ne5 Qb6 16. Qxb6 Bxb6 17. a5 Bc5 18. Nd3 Bd6 19. e4 Nb4 20. Nxb4 Bxb4 21. a6 bxa6 22. Rxa6 Bc5 23. Bg5 f6 24. Be3 Bxe3 25. fxe3 Rd7 26. Rxe6+ Kf7 27. Ra6 Rb8 28. Rb1 Rb3 29. Kf2 Rd2+ 30. Kf3 Rbxb2 31. Rxa7+ Kg6 32. Rxb2 Rxb2 33. Ra5 Kf7 34. Ra7+ Kg6 35. h3 Rb5 36. Rd7 Rb1 37. Rd5 Rf1+ 38. Ke2 Rg1 39. Kf2 Ra1 40. e5 Kf5 41. Rd7 fxe5 42. Rxg7 Ra2+ 43. Kg3 Ke4 44. Rxh7 Kxe3 45. Re7 e4 46. h4 Ra1 47. Kg4 Rh1 48. g3 Rg1 49. h5 Rh1 50. Kg5 Kf3 51. g4 e3 52. Rf7+ Kg3 53. Re7 Kf3 54. h6 e2 55. Kg6 e1=Q 56. Rxe1 Rxe1 57. g5 Kg4 58. h7 Re8 59. Kf7 Ra8 60. g6 Kf5 61. g7 Ra7+ 62. Ke8 Rxg7 63. h8=Q Kf6 64. Kf8 1-0


[Site "https://www.chess.com"]

[Event "Titled Tuesday Blitz February 28 Early 2023"]
[White "Bogaudinov, Rushan"]
[Black "Gauri, Shankar"]
[WhiteFideId "4129288"]
[BlackFideId "5041350"]
[WhiteElo "2063"]
[BlackElo "2240"]
[Result "0-1"]
[Round "06"]
[TimeControl "180+2"]
[Date "2023.02.28"]
[WhiteClock "0:00:10"]
[BlackClock "0:00:07"]

1. d4 Nf6 2. Nf3 e6 3. e3 d5 4. Be2 Bd6 5. O-O O-O 6. c4 b6 7. Nc3 a6 8. b3 Bb7 9. cxd5 exd5 10. Bb2 Nbd7 11. Rc1 Re8 12. Bd3 c5 13. Bb1 Rc8 14. h3 Bb8 15. Ne2 Ne4 16. dxc5 bxc5 17. Qc2 Qe7 18. Rfd1 Ndf6 19. Nc3 d4 20. Nxe4 Bxe4 21. Qe2 Bxb1 22. Rxb1 dxe3 23. Qxe3 Qxe3 24. fxe3 Rxe3 25. Rbc1 Bg3 26. Rc2 Ne4 27. Bd4 Rd8 28. Rc4 cxd4 29. Rcxd4 Rxd4 30. Rxd4 f5 31. Ra4 Rc3 32. Kf1 Rc1+ 33. Ke2 Nc3+ 34. Kd2 Nxa4 35. Kxc1 Nc3 36. Kb2 Ne4 37. Kc2 Kf7 38. Nd4 g6 39. Nc6 Bc7 40. b4 Ke6 41. Kd3 Kd5 42. Nd4 Bb6 43. Ne2 g5 44. a4 h6 45. g4 f4 46. b5 axb5 47. axb5 f3 48. Nc1 f2 49. Ke2 Ng3+ 50. Kd2 f1=Q 0-1


[Site "https://www.chess.com"]

[Event "Titled Tuesday Blitz February 28 Early 2023"]
[White "Skliarov, Viktor"]
[Black "Devaev, Alexander"]
[WhiteFideId "14106736"]
[BlackFideId "4169395"]
[WhiteElo "2284"]
[BlackElo "2225"]
[Result "1-0"]
[Round "06"]
[TimeControl "180+2"]
[Date "2023.02.28"]
[WhiteClock "0:00:11"]
[BlackClock "0:00:17"]

1. e4 c6 2. d4 d5 3. e5 Bf5 4. Nf3 e6 5. Be2 Nd7 6. O-O h6 7. a4 a6 8. a5 c5 9. c4 dxc4 10. Nc3 Bd3 11. Bxd3 cxd3 12. d5 exd5 13. Nxd5 Nxe5 14. Nxe5 Qxd5 15. Qa4+ Kd8 16. Nxd3 Bd6 17. Bf4 Bxf4 18. Nxf4 Qc6 19. Rad1+ Kc8 20. Qxc6+ bxc6 21. Rfe1 Nf6 22. Re7 Rb8 23. Rxf7 Rxb2 24. Ne6 Nd5 25. Nxc5 g5 26. Nxa6 Re8 27. Nc5 Rd2 28. Rf1 Rc2 29. Nd7 Rb2 30. Nf6 Re6 31. Nxd5 cxd5 32. h3 Rc6 33. Rd1 Rb5 34. Rf5 Rd6 35. a6 Kb8 36. Ra1 Ka7 37. Kh2 Rbb6 38. Rf7+ Ka8 39. a7 Rd8 40. Rd1 d4 41. Kg3 Rbd6 42. Rd3 R8d7 43. Rxd7 Rxd7 44. Kf3 Kxa7 45. Ke4 Rf7 46. f3 Rf4+ 47. Ke5 Kb6 48. Rxd4 Rf7 49. Rd6+ Kc5 50. Rxh6 Re7+ 51. Kf5 Re2 52. g4 Kd5 53. Rh8 Re5+ 54. Kf6 Re6+ 55. Kxg5 Re3 56. Kf4 Rb3 57. Rd8+ Ke6 58. h4 Rb4+ 59. Kg3 Ke7 60. Rd2 Rb1 61. Re2+ Kf6 62. Re4 Rb2 63. Kf4 Rh2 64. h5 Ra2 65. Rb4 Kg7 66. Rb6 Ra5 67. Kg3 Rd5 68. f4 Ra5 69. Kh4 Ra3 70. g5 Ra5 71. Kg4 Rb5 72. Rxb5 1-0


[Site "https://www.chess.com"]

[Event "Titled Tuesday Blitz February 28 Early 2023"]
[White "Pein, Jonathan"]
[Black "Djokovic, Nebojsa"]
[WhiteFideId "417092"]
[BlackFideId "938300"]
[WhiteElo "2151"]
[BlackElo "2586"]
[Result "0-1"]
[Round "06"]
[TimeControl "180+2"]
[Date "2023.02.28"]
[WhiteClock "0:00:36"]
[BlackClock "0:01:13"]

1. e4 e6 2. d4 d5 3. Nd2 Nf6 4. e5 Nfd7 5. Bd3 c5 6. c3 Nc6 7. Ngf3 f6 8. Ng5 fxg5 9. Qh5+ g6 10. Bxg6+ hxg6 11. Qxg6+ Ke7 12. Qxg5+ Kf7 13. Qf4+ Nf6 14. Nf3 Bh6 15. Qxf6+ Qxf6 16. exf6 Bxc1 17. Rxc1 Kxf6 18. dxc5 e5 19. b4 Bg4 20. Nd2 Rag8 21. f3 Bf5 22. Kf2 e4 23. fxe4 Bxe4 24. Nxe4+ dxe4 25. Rcd1 Rd8 26. Ke3 Ke5 27. h3 Ne7 28. Rxd8 Rxd8 29. h4 Nf5+ 30. Kf2 Rd2+ 31. Ke1 Rxa2 32. g4 Ra1+ 33. Kf2 Rxh1 34. gxf5 Rxh4 35. c6 bxc6 0-1


[Site "https://www.chess.com"]

[Event "Titled Tuesday Blitz February 28 Early 2023"]
[White "Crevatin, Leo"]
[Black "Cheng, Xiao"]
[WhiteFideId "1726307"]
[BlackFideId "2022915"]
[WhiteElo "2190"]
[BlackElo "2416"]
[Result "0-1"]
[Round "06"]
[TimeControl "180+2"]
[Date "2023.02.28"]
[WhiteClock "0:00:01"]
[BlackClock "0:00:10"]

1. e4 c5 2. Nf3 e6 3. c3 Nf6 4. e5 Nd5 5. Bc4 Nb6 6. Bb3 d5 7. exd6 Bxd6 8. d4 O-O 9. Nbd2 Nc6 10. Ne4 cxd4 11. Nxd4 Nxd4 12. Qxd4 Bc7 13. Be3 Nd5 14. Bg5 f6 15. Bh4 Nf4 16. Qxd8 Rxd8 17. Kf1 b6 18. Bg3 Ba6+ 19. c4 Kf7 20. Nc3 Be5 21. Bxf4 Bxf4 22. g3 Be5 23. Ke2 Bxc3 24. bxc3 Rac8 25. Rhd1 e5 26. Rxd8 Rxd8 27. Ke3 Ke7 28. a4 Rc8 29. a5 Bxc4 30. Bxc4 Rxc4 31. axb6 axb6 32. Ra7+ Ke6 33. Rxg7 Rxc3+ 34. Kd2 Rf3 35. Ke2 Rc3 36. Rxh7 b5 37. Rb7 Rc2+ 38. Ke3 Rc3+ 39. Kd2 Rb3 40. Rb6+ Kf5 41. h3 Rb2+ 42. Ke3 Rb3+ 43. Ke2 Rb2+ 44. Kf3 e4+ 45. Ke3 Rb3+ 46. Ke2 Rb2+ 47. Kf1 b4 48. h4 b3 49. h5 Kg5 50. g4 Kxg4 51. h6 Rc2 52. Rxb3 Rc8 53. h7 Rh8 54. Rg3+ Kf4 55. Rg7 f5 56. Ke2 Ke5 57. Rf7 Ke6 58. Ra7 Kf6 59. Ke3 Kg5 60. Rc7 Kf6 61. Kd4 Kg6 62. Ke5 Re8+ 63. Kf4 Rh8 64. Rd7 e3 0-1


[Site "https://www.chess.com"]

[Event "Titled Tuesday Blitz February 28 Early 2023"]
[White "Bennett, Patrick"]
[Black "Sai Han Thiha"]
[WhiteFideId "1801228"]
[BlackFideId "13012290"]
[WhiteElo "2414"]
[BlackElo "1954"]
[Result "0-1"]
[Round "06"]
[TimeControl "180+2"]
[Date "2023.02.28"]
[WhiteClock "0:00:08"]
[BlackClock "0:00:14"]

1. d4 Nf6 2. Bg5 e6 3. e4 h6 4. Bxf6 Qxf6 5. Nc3 d6 6. Nf3 g6 7. e5 Qe7 8. Ne4 Bg7 9. Bd3 Nc6 10. exd6 cxd6 11. c3 f5 12. Ng3 e5 13. dxe5 dxe5 14. Bc4 e4 15. Nd2 Bd7 16. O-O O-O-O 17. Qc2 h5 18. b4 h4 19. Ne2 h3 20. g3 Ne5 21. Nd4 Kb8 22. b5 Rc8 23. Be2 Qc5 24. Rfc1 Bh6 25. a4 Rhd8 26. N2b3 Qe7 27. Rd1 Be8 28. a5 Bf7 29. a6 b6 30. Nc6+ Nxc6 31. bxc6 Rxc6 32. Nd4 Rcc8 33. Bb5 Be8 34. Qb3 Bg7 35. Ne6 Rxd1+ 36. Rxd1 Rxc3 37. Qd5 Bxb5 38. Nxg7 Rc5 39. Qg8+ Rc8 40. Qd5 Bc6 41. Qd4 Rg8 42. Qc4 Rc8 43. Qd4 Rc7 44. Qd8+ Qxd8 45. Rxd8+ Rc8 46. Rd6 Bb5 47. f3 e3 48. Rd1 Bxa6 49. Re1 e2 50. Ne6 b5 51. Kf2 b4 52. Nd4 Rc3 53. Nxe2 Rc2 54. Ke3 Bxe2 55. Rxe2 Rxe2+ 56. Kxe2 a5 57. Kd2 a4 58. Kc2 Kc7 59. Kb2 Kc6 60. g4 fxg4 61. fxg4 g5 62. Kc2 Kd5 63. Kb2 Kc4 0-1


[Site "https://www.chess.com"]

[Event "Titled Tuesday Blitz February 28 Early 2023"]
[White "Odegov, Artem"]
[Black "Mohammed, Zozek Salah Mohammed"]
[WhiteFideId "34183644"]
[BlackFideId "4803361"]
[WhiteElo "2300"]
[BlackElo "2211"]
[Result "1-0"]
[Round "06"]
[TimeControl "180+2"]
[Date "2023.02.28"]
[WhiteClock "0:02:31"]
[BlackClock "0:01:42"]

1. d4 Nf6 2. c4 g6 3. Nc3 d5 4. cxd5 Nxd5 5. e4 Nxc3 6. bxc3 Bg7 7. Bc4 O-O 8. Ne2 c5 9. O-O Nc6 10. Be3 cxd4 11. cxd4 Bd7 12. Qd2 Rc8 13. Rfc1 a6 14. a4 Na5 15. Ba2 Bxa4 16. Rxc8 Qxc8 17. Qxa5 Bb5 18. Rc1 Bxe2 19. Rxc8 Rxc8 20. h3 e6 21. Qb6 1-0


[Site "https://www.chess.com"]

[Event "Titled Tuesday Blitz February 28 Early 2023"]
[White "Gutkin, Ilya"]
[Black "Berezin, Viktor"]
[WhiteFideId "16203470"]
[BlackFideId "14107872"]
[WhiteElo "2265"]
[BlackElo "2310"]
[Result "1-0"]
[Round "06"]
[TimeControl "180+2"]
[Date "2023.02.28"]
[WhiteClock "0:00:15"]
[BlackClock "0:00:07"]

1. Nf3 Nf6 2. g3 g6 3. b3 Bg7 4. Bb2 O-O 5. Bg2 d6 6. d4 Nc6 7. O-O e5 8. dxe5 Ng4 9. c4 Ngxe5 10. Nc3 Bd7 11. Qd2 Nxf3+ 12. exf3 h5 13. Nd5 h4 14. f4 h3 15. Bf3 Bf5 16. Rfe1 Bxb2 17. Qxb2 f6 18. b4 Rf7 19. Re3 Qf8 20. Rae1 Rd8 21. b5 Nb8 22. Re7 Nd7 23. Rxf7 Kxf7 24. Re7+ Qxe7 25. Nxe7 Kxe7 26. Bxb7 Nc5 27. Bc6 Kf7 28. Qa3 Bd7 29. Bxd7 Rxd7 30. g4 Re7 31. Qxh3 Re1+ 32. Kg2 Ke6 33. Qh8 Kd7 34. Qg7+ Kc8 35. Qxg6 Kb7 36. h4 Ne4 37. h5 Nd2 38. Qd3 Nb1 39. h6 Re8 40. Qxb1 Rh8 41. h7 f5 42. Qxf5 Kb6 43. Qg6 Ka5 44. Qg7 Re8 45. h8=Q Rxh8 46. Qxh8 c6 47. bxc6 d5 48. cxd5 Ka4 49. c7 a5 50. c8=Q Ka3 51. Qcc3+ Kxa2 52. Qb2# 1-0


[Site "https://www.chess.com"]

[Event "Titled Tuesday Blitz February 28 Early 2023"]
[White "Coelho, Ramyres Santana"]
[Black "Sourath Biswas"]
[WhiteFideId "2120690"]
[BlackFideId "35091484"]
[WhiteElo "1888"]
[BlackElo "2164"]
[Result "0-1"]
[Round "06"]
[TimeControl "180+2"]
[Date "2023.02.28"]
[WhiteClock "0:00:10"]
[BlackClock "0:00:17"]

1. e4 c6 2. d4 d5 3. Nc3 dxe4 4. Nxe4 Nf6 5. Ng3 Bg4 6. Be2 Bxe2 7. N1xe2 e6 8. O-O Bd6 9. Bg5 Nbd7 10. Ne4 Be7 11. Nxf6+ Nxf6 12. Bxf6 Bxf6 13. c3 O-O 14. Ng3 e5 15. dxe5 Bxe5 16. Qxd8 Raxd8 17. Rfd1 g6 18. Kf1 h5 19. h3 a5 20. Ne2 a4 21. f4 Bf6 22. a3 Kg7 23. Ke1 Rfe8 24. Rxd8 Bxd8 25. Rd1 Bc7 26. Kf2 Bb6+ 27. Nd4 Bc7 28. Kf3 Re7 29. Rd2 Kf6 30. g4 hxg4+ 31. hxg4 g5 32. fxg5+ Kxg5 33. Nf5 Re1 34. Rd7 Be5 35. Rxf7 Rb1 36. Rxb7 Bxc3 37. Ne7 Rxb2 38. Rxb2 Bxb2 39. Nxc6 Bxa3 40. Nd4 Bb2 41. Nc2 Kf6 42. Kf4 Ke6 43. Ke4 Kd6 44. Ne3 Kc5 45. Kd3 a3 46. Nc2 a2 47. g5 Kb5 48. g6 Ka4 49. Kc4 Bg7 50. Kd3 Kb3 51. Kd2 Kb2 52. Kd3 Bc3 53. Na1 Kxa1 54. Kxc3 Kb1 55. g7 a1=Q+ 56. Kc4 Qxg7 57. Kb3 Qd4 58. Ka3 Qb6 59. Ka4 Kc2 60. Ka3 Qb3# 0-1


[Site "https://www.chess.com"]

[Event "Titled Tuesday Blitz February 28 Early 2023"]
[White "Sharapov, Evgeny"]
[Black "Estrada Nieto, Julian"]
[WhiteFideId "14103133"]
[BlackFideId "5101018"]
[WhiteElo "2367"]
[BlackElo "2176"]
[Result "1-0"]
[Round "06"]
[TimeControl "180+2"]
[Date "2023.02.28"]
[WhiteClock "0:00:07"]
[BlackClock "0:00:09"]

1. e4 e5 2. Nf3 Nc6 3. Bb5 a6 4. Ba4 Nf6 5. d3 d6 6. O-O g6 7. c3 Bg7 8. h3 O-O 9. Re1 Bd7 10. Nbd2 Qe8 11. Nf1 Nd4 12. Bxd7 Nxf3+ 13. Qxf3 Nxd7 14. Ne3 c6 15. Bd2 Qe6 16. g4 Bh6 17. Kh1 Bf4 18. b3 Rad8 19. Rad1 Rfe8 20. Rg1 Nf8 21. Nf5 Bxd2 22. Rxd2 Kh8 23. Nh6 Kg7 24. Nf5+ Kh8 25. Qg3 Qf6 26. g5 Qe6 27. Nh6 Nd7 28. f4 exf4 29. Qxf4 Rf8 30. Qg4 Ne5 31. Qg3 f6 32. d4 Nf7 33. Nxf7+ Rxf7 34. Re2 fxg5 35. e5 Rdf8 36. Kh2 Rf3 37. Qg4 Rf2+ 38. Rxf2 Rxf2+ 39. Kg3 Qxg4+ 40. hxg4 Rf7 41. exd6 Rd7 42. Re1 Rxd6 43. Re8+ Kg7 44. Re7+ Kf6 45. Rxh7 b5 46. Ra7 b4 47. cxb4 Rxd4 48. Rxa6 Rxb4 49. Rxc6+ Ke5 50. Rc5+ Kf6 51. Rc4 Rb6 52. Rc2 Rd6 53. a4 Rd3+ 54. Kf2 Rxb3 55. Ra2 Rb6 56. a5 Ra6 57. Ke3 Ke5 58. Ra4 Kd5 59. Kd3 Kc5 60. Ke4 Kb5 61. Ra2 Re6+ 62. Kd5 Rf6 63. a6 Rf8 64. a7 Ra8 65. Ke5 Kb6 66. Kf6 Kb7 67. Kxg5 Rg8 68. a8=Q+ Rxa8 69. Rxa8 Kxa8 70. Kxg6 Kb7 71. Kf7 Kc7 72. g5 Kd6 73. g6 1-0


[Site "https://www.chess.com"]

[Event "Titled Tuesday Blitz February 28 Early 2023"]
[White "Van Dael, Siem"]
[Black "Janaszak, Dawid"]
[WhiteFideId "1049771"]
[BlackFideId "1119206"]
[WhiteElo "2336"]
[BlackElo "2220"]
[Result "0-1"]
[Round "06"]
[TimeControl "180+2"]
[Date "2023.02.28"]
[WhiteClock "0:00:03"]
[BlackClock "0:00:42"]

1. e4 e5 2. Nf3 Nc6 3. Bc4 Bc5 4. c3 Nf6 5. d4 exd4 6. b4 Be7 7. e5 Ng4 8. cxd4 Bxb4+ 9. Kf1 d5 10. Bb5 Bf5 11. Qa4 a5 12. Bxc6+ bxc6 13. Qxc6+ Bd7 14. Qxd5 Rb8 15. Bg5 f6 16. exf6 Bb5+ 17. Qxb5+ Rxb5 18. fxg7 Rg8 19. Bxd8 Kxd8 20. a4 Rf5 21. h3 Nf6 22. Nbd2 Rxg7 23. Rd1 Nd5 24. Ne4 Rf4 25. Ng3 Nc3 26. Rd3 Rgf7 27. Ne2 Nxe2 28. Kxe2 Re7+ 29. Re3 Rg7 30. g3 Rf5 31. Rc1 Bd6 32. Ne5 h5 33. h4 Kc8 34. f4 Rf8 35. Nc4 Bb4 36. Re5 Rxg3 37. Nxa5 Rxf4 38. Nc6 Bd6 39. Re8+ Kd7 40. Rd8+ Ke6 41. a5 Rxh4 42. Re1 Kd5 43. Ne7+ Kc4 44. Nf5 Rh2+ 45. Kd1 Rd3+ 46. Kc1 Ba3+ 47. Kb1 Rb3+ 48. Ka1 Bb2+ 49. Kb1 Bc3+ 50. Kc1 Bxe1 51. a6 Ra2 52. Rd7 Bd2+ 53. Kd1 Ba5 54. a7 Rb1# 0-1


[Site "https://www.chess.com"]

[Event "Titled Tuesday Blitz February 28 Early 2023"]
[White "Carrasco Miranda, Andres"]
[Black "Lehtosaari, Mauri"]
[WhiteFideId "3405990"]
[BlackFideId "501999"]
[WhiteElo "2183"]
[BlackElo "2527"]
[Result "1/2-1/2"]
[Round "06"]
[TimeControl "180+2"]
[Date "2023.02.28"]
[WhiteClock "0:00:10"]
[BlackClock "0:00:13"]

1. d4 d5 2. c4 c6 3. Nf3 Nf6 4. e3 Bg4 5. Nc3 e6 6. Qb3 Qb6 7. Nh4 Be7 8. h3 Bh5 9. g4 Bg6 10. Nxg6 hxg6 11. Bg2 Nbd7 12. Bd2 a5 13. Rc1 Qa7 14. O-O Qb8 15. f4 O-O 16. Be1 Bd6 17. Bh4 Re8 18. Qc2 dxc4 19. Ne4 Nxe4 20. Qxe4 Nf6 21. Bxf6 gxf6 22. Rxc4 Qd8 23. Qf3 Kg7 24. e4 Be7 25. f5 exf5 26. gxf5 b5 27. Rxc6 Qxd4+ 28. Kh1 Qe5 29. fxg6 fxg6 30. Qf4 Qxf4 31. Rxf4 Rac8 32. e5 fxe5 33. Rg4 Rxc6 34. Bxc6 Rd8 35. Bxb5 Rd1+ 36. Rg1 Rd2 37. Rg2 Rd4 38. b3 Bd6 39. Bc4 e4 40. Re2 Bf4 41. Kg2 g5 42. a4 Kf6 43. Rc2 Ke5 44. Be2 Rd2 45. Rxd2 Bxd2 46. Bb5 Kf4 47. Bc6 Bb4 48. Bb5 Bc5 49. Bc6 Ke3 50. Bb7 Kd3 51. Kf1 e3 52. Ba6+ Kc2 53. Bc4 Kd2 54. Bb5 Bd6 55. Bc4 Bf4 56. Bb5 Bd6 57. Bc4 Bf4 58. Bb5 Bd6 1/2-1/2


[Site "https://www.chess.com"]

[Event "Titled Tuesday Blitz February 28 Early 2023"]
[White "Jenkins, Drake"]
[Black "Ilkhomi, Jaloliddin"]
[WhiteFideId "2022397"]
[BlackFideId "14700948"]
[WhiteElo "2363"]
[BlackElo "2045"]
[Result "0-1"]
[Round "06"]
[TimeControl "180+2"]
[Date "2023.02.28"]
[WhiteClock "0:00:12"]
[BlackClock "0:01:20"]

1. Nf3 Nf6 2. c4 e6 3. Nc3 d5 4. cxd5 exd5 5. d4 c6 6. Bg5 Bf5 7. e3 Be7 8. Bd3 Ne4 9. Bf4 Nd7 10. h3 O-O 11. Qc2 Ndf6 12. g4 Bg6 13. Ne5 Nxc3 14. Nxg6 hxg6 15. bxc3 Bd6 16. Bg5 Qe7 17. h4 Qe6 18. Bxf6 gxf6 19. Qe2 Rfe8 20. g5 fxg5 21. hxg5 Kg7 22. Kd2 Rh8 23. Qf3 b5 24. Rxh8 Rxh8 25. Rh1 b4 26. Rxh8 Kxh8 27. Qh1+ Kg8 28. Qh6 bxc3+ 29. Kxc3 c5 30. Qh4 cxd4+ 31. exd4 Qe1+ 32. Kc2 Ba3 33. Kb3 Qc1 0-1


[Site "https://www.chess.com"]

[Event "Titled Tuesday Blitz February 28 Early 2023"]
[White "Thorhallsson, Simon"]
[Black "Llanos, Guillermo"]
[WhiteFideId "2310090"]
[BlackFideId "100358"]
[WhiteElo "2108"]
[BlackElo "2225"]
[Result "0-1"]
[Round "06"]
[TimeControl "180+2"]
[Date "2023.02.28"]
[WhiteClock "0:00:01"]
[BlackClock "0:00:18"]

1. e4 Nf6 2. e5 Nd5 3. d4 d6 4. c4 Nb6 5. f4 dxe5 6. fxe5 c5 7. d5 e6 8. Nc3 exd5 9. cxd5 c4 10. Nf3 Bg4 11. h3 Bxf3 12. Qxf3 Bb4 13. d6 Nc6 14. Bf4 O-O 15. Rd1 Na4 16. Bxc4 Nxb2 17. O-O Nxc4 18. Nd5 Bc5+ 19. Kh1 N4xe5 20. Bxe5 Nxe5 21. Qg3 Ng6 22. d7 Qh4 23. Qc3 b6 24. Nc7 Rad8 25. Ne8 Rfxe8 26. dxe8=Q+ Rxe8 27. Rd7 Rf8 28. Qd2 a5 29. Qd5 Nf4 30. Qe4 g5 31. Rf3 Qh6 32. Rf1 Qe6 33. Qxe6 Nxe6 34. Rf5 Kg7 35. g3 Kg6 36. g4 h6 37. Re5 Bf2 38. Rf5 Be3 39. Kh2 Bf4+ 40. Kg2 Nc5 41. Ra7 Rd8 42. Rfxf7 Rd2+ 43. Kf3 Rd3+ 44. Kf2 Ne4+ 45. Ke1 Rxh3 46. Rg7+ Kf6 0-1


[Site "https://www.chess.com"]

[Event "Titled Tuesday Blitz February 28 Early 2023"]
[White "Todorovic, Bojan"]
[Black "Mendez Fortes, Eduardo Jesus"]
[WhiteFideId "917087"]
[BlackFideId "3502376"]
[WhiteElo "2266"]
[BlackElo "2307"]
[Result "1-0"]
[Round "06"]
[TimeControl "180+2"]
[Date "2023.02.28"]
[WhiteClock "0:00:08"]
[BlackClock "0:00:21"]

1. Nf3 d5 2. g3 Nf6 3. Bg2 e6 4. O-O c5 5. c4 d4 6. d3 Nc6 7. e3 e5 8. exd4 cxd4 9. Re1 Bd6 10. b4 Bxb4 11. Nxe5 Bxe1 12. Nxc6 bxc6 13. Bxc6+ Kf8 14. Ba3+ Kg8 15. Bxa8 Ba5 16. Nd2 Bf5 17. Nb3 Bc3 18. Bg2 Bxa1 19. Qxa1 Bxd3 20. c5 h6 21. Nxd4 Kh7 22. c6 Re8 23. Qc3 Bg6 24. c7 Qc8 25. Nb5 Ne4 26. Bxe4 Bxe4 27. Nd6 Qh3 28. Nxe4 f5 29. Nf6+ gxf6 30. c8=Q Rxc8 31. Qxc8 Qg4 32. Qd7+ Kh8 33. Qd3 Qa4 34. Bb2 Qc6 35. Qc3 Qd5 36. Qxf6+ 1-0


[Site "https://www.chess.com"]